 Dungeon Crawl Stone Soup version 0.16.1-51-g6203257 (webtiles) character file.

30 uhvn the Insei (level 3, 0/19 HPs)
             Began as a Vine Stalker Monk on July 8, 2015.
             Was a Believer of Nemelex Xobeh.
             Succumbed to an adder's poison
             ... on level 2 of the Dungeon.
             The game lasted 00:05:42 (782 turns).

uhvn the Insei (Vine Stalker Monk)                   Turns: 782, Time: 00:05:42

Health: 0/19       AC:  3    Str: 13    XL:     3   Next: 20%
Magic:  2/4        EV: 13    Int: 10    God:    Nemelex Xobeh [**....]
Gold:   49         SH:  0    Dex: 17    Spells: 0 memorised, 2 levels left

rFire  . . .     SeeInvis .     c - +0 dagger
rCold  . . .     Clarity  .     a - +0 robe
rNeg   . . .     SustAb   .     (no shield)
rPois  .         Gourm    .     (no helmet)
rElec  .         Spirit   +     (no cloak)
rCorr  .         Warding  .     (no gloves)
rMut   .         Stasis   .     g - +0 pair of boots
MR     .....                    (no amulet)
Stlth  ++........               (no ring)
                                (no ring)

@: lethally poisoned (0 -> -3), not resistant to hostile enchantments,
unstealthy
A: fangs 2, regeneration 1, magic shield, antimagic bite, no device heal 3, rot
immunity
a: Renounce Religion


You were on level 2 of the Dungeon.
You worshipped Nemelex Xobeh.
Nemelex Xobeh was pleased with you.
You were not hungry.

You visited 1 branch of the dungeon, and saw 2 of its levels.

You collected 49 gold pieces.

Inventory:

Hand weapons
 c - a +0 dagger (weapon)
Armour
 a - a +0 robe (worn)
 g - a +0 pair of boots (worn)
Scrolls
 f - a scroll of amnesia
 s - 2 scrolls of identify
Potions
 h - 2 potions of restore abilities {unknown}
 i - a potion of flight {unknown}
 n - a potion of resistance {unknown}
 o - a potion of mutation {unknown}
 r - a potion of magic {unknown}
Miscellaneous
 j - a plain deck of defence
 k - an ornate deck of escape
 l - a plain deck of destruction
 m - a plain deck of war
 p - a plain deck of escape
Comestibles
 b - 2 bread rations
 d - a meat ration
 q - a royal jelly


   Skills:
 + Level 2.9 Fighting
 * Level 0.8 Short Blades
 + Level 2.8 Dodging
 + Level 2.9 Stealth
 - Level 4.0 Unarmed Combat
 * Level 0.4 Evocations


You had 2 spell levels left.
You didn't know any spells.

Dungeon Overview and Level Annotations

Branches:
Dungeon (2/15)

Altars:
Nemelex Xobeh


Innate Abilities, Weirdness & Mutations

You have extremely sharp teeth.
Your natural rate of healing is unusually fast.
When hurt, damage is shared between your health and your magic reserves.
Your bite disrupts and absorbs the magic of your enemies.
Potions and wands cannot restore your health.
You are immune to rotting.


Message History

You miss the adder.
The adder is lightly wounded.
The adder closely misses you.
You feel sick. The adder bites you.
* * * LOW HITPOINT WARNING * * *
You feel sick. The adder closely misses you.
You hit the adder but do no damage. Your bite misses the adder.
You feel sick. The adder bites you.
* * * LOW HITPOINT WARNING * * *
You are lethally poisoned!
The adder poisons you! The adder bites you.
* * * LOW HITPOINT WARNING * * *
You closely miss the adder. You bite the adder. You drain its power.
You feel invigorated.
The adder is moderately wounded.
The adder closely misses you.
* * * LOW HITPOINT WARNING * * *
You feel sick.
You die...
Your body glows slightly and disappears.

#........# #........#
#.......)# #........#
#####.#.## .
####.#'#######.. #.
#...............
##...####...............
#......@.S.......(......
....##########...........
+........... #.........#+
#.........# ###########


You could see an adder.

Vanquished Creatures
  An adder (D:2)
  A giant gecko (D:2)
  4 hobgoblins
  4 ball pythons (D:1)
  4 bats (D:1)
  A goblin (D:1)
  3 kobolds
  6 rats
24 creatures vanquished.

Notes
Turn   | Place    | Note
--------------------------------------------------------------
     0 | D:1      | uhvn, the Vine Stalker Monk, began the quest for the Orb.
     0 | D:1      | Reached XP level 1. HP: 11/11 MP: 1/1
   180 | D:1      | Found a sparkling altar of Nemelex Xobeh.
   195 | D:1      | Became a worshipper of Nemelex Xobeh the Trickster
   195 | D:1      | Received a gift from Nemelex Xobeh
   195 | D:1      | Received a gift from Nemelex Xobeh
   195 | D:1      | Received a gift from Nemelex Xobeh
   316 | D:1      | Reached XP level 2. HP: 13/16 MP: 3/3
   456 | D:1      | Received a gift from Nemelex Xobeh
   716 | D:2      | Reached XP level 3. HP: 17/19 MP: 4/4
   782 | D:2      | Succumbed to an adder's poison

Action                   || total
-------------------------++-------
Melee: Dagger            ||    64
       Unarmed           ||     7
  Use: Scroll            ||     2
 Stab: Sleeping          ||     3
